Description

standard zvp build

Build Order

Get SALT Encoding   

  13  0:13  Overlord  
  17  0:53  Hatchery  
  17  1:10  Spawning Pool  
  20  1:35  Hatchery  
  35  3:00  Extractor x2  
  50  4:00  Metabolic Boost, Lair, Roach Warren  
  60  4:45  Zergling x6  scout and make roaches
  60  5:00  Roach x10  
  100  6:00  Baneling Nest, Evolution Chamber x2, Hydralisk Den  
  150  7:00  Infestation Pit  
  170  8:00  Spire, Hive  
Spawning Tool Build Advisor. Get it on Overwolf

Go to:

Details

  • Created by: Bluefire66
  • Published on: Feb 02, 2019
  • Modified on: Feb 02, 2019
  • Patch: 4.7.1
Show
View Real Time Build Order
Export as new Build Order

Comments (1)

On Sept. 12, 2019, 6:43 p.m., TheG  said:

This is a ZvP or ZvT build. Constant queen production to 9. Do melee and missile attacks and flyer attacks. Skip roaches if you can. Don't forget your injects, use 3-4 queesns for that, the rest to guard vs air and spread creep.

Create an account to comment!